 Dungeon Crawl Stone Soup version 0.14-a0-3512-gf874658 (webtiles) character file.

114 ProjectEKO the Magician (level 3, 0/19 HPs)
             Began as a Tengu Wizard on Mar 26, 2014.
             Slain by a quasit (1 damage)
             ... while paralysed by a potion of paralysis
             ... on Level 2 of the Dungeon.
             The game lasted 00:04:36 (2620 turns).

ProjectEKO the Magician (Tengu Wizard)              Turns: 2620, Time: 00:04:36

HP   0/19        AC  2     Str  7      XL: 3   Next: 66%
MP   9/9         EV  2     Int 19      God:
Gold 68          SH  0     Dex  5 (12) Spells:  3 memorised,  2 levels left

rFire  . . .     SeeInvis .     m - +1,+0 dagger (flame)
rCold  . . .     Clarity  .     a - +0 robe
rNeg   . . .     Conserve .     (no shield)
rPois  .         rCorr    .     b - +0 hat
rElec  .         rRot     .     (no cloak)
SustAb . .       Spirit   .     (no gloves)
rMut   .         Warding  .     (boots unavailable)
Saprov . . .     Stasis   .     (no amulet)
MR     .....                    (no ring)
                                (no ring)

@: paralysed, very slightly contaminated, hasted, not resistant to hostile
enchantments, unstealthy
A: beak, talons 3, carnivore 1
a: no special abilities


You were on level 2 of the Dungeon.
You were not hungry.

You visited 1 branch of the dungeon, and saw 2 of its levels.

You collected 68 gold pieces.

Inventory:

Hand weapons
 m - a +1,+0 dagger of flaming (weapon)
Missiles
 f - 24 darts (quivered)
Armour
 a - a +0 robe (worn)
 b - a +0 hat (worn)
Comestibles
 r - a meat ration
Scrolls
 e - a scroll of immolation {unknown}
 g - 2 scrolls of random uselessness {unknown}
 h - a scroll of enchant weapon II {unknown}
 k - a scroll of teleportation {unknown}
 o - a scroll of amnesia {unknown}
 p - a scroll of magic mapping {unknown}
 q - a scroll of blinking {unknown}
 s - 2 scrolls of identify {unknown}
Potions
 i - a potion of curing
Books
 c - a book of Minor Magic

   Spells                             Type                      Level
   *Magic Dart                        Conjuration                  1
   Blink                              Translocation                2
   Call Imp                           Summoning                    2
   Repel Missiles                     Charms/Air                   2
   Slow                               Hexes                        2
   *Conjure Flame                     Conjuration/Fire             3
   *Mephitic Cloud                    Conjuration/Poison/Air       3


   Skills:
 - Level 2.7 Dodging
 - Level 2.2 Stealth
 - Level 3.7 Spellcasting
 + Level 2.2 Conjurations
   Level 1.2 Summonings
   Level 0.7 Translocations


You had 2 spell levels left.
You knew the following spells:

 Your Spells              Type           Power        Failure   Level  Hunger
a - Magic Dart            Conj           ##..         8%          1    None
b - Mephitic Cloud        Conj/Pois/Air  #.......     34%         3    ###....
c - Conjure Flame         Conj/Fire      #.......     28%         3    ###....


Dungeon Overview and Level Annotations

Branches:
Dungeon (2/15)

Altars:


Innate Abilities, Weirdness & Mutations

You have a beak for a mouth.
You have claws for feet.
Your digestive system is specialised to digest meat.


Message History

The quasit bites you but does no damage.
The quasit misses you.
The quasit claws you but does no damage.
Drink which item? (? for menu, Esc to quit)
You suddenly lose the ability to move!
It was a potion of paralysis.
The quasit bites you but does no damage.
The quasit barely misses you. The quasit claws you.
You feel clumsy. The quasit barely misses you.
The quasit claws you but does no damage.
The quasit claws you. The quasit bites you.
* * * LOW HITPOINT WARNING * * *
The quasit claws you.
* * * LOW HITPOINT WARNING * * *
The quasit claws you but does no damage.
The quasit bites you but does no damage.
The quasit claws you.
* * * LOW HITPOINT WARNING * * *
The quasit claws you.
You die...

..>.....##....>#######.......#
.........ยง.........#
#.......# .......###.....###.#
#.##...## .......# #.....# #.#
#.##...# .......# #.....# #.#
#.##...## .......#
#########.###.......# .......#
#.........##.......#
.......####.....5...##.......#
................@...##.......#
.......####.........##...#..##
####.######......%..##...#..#
#.........................#
#...################......#
#...# #...#### #...# #...#
#...# #...# #...# #...#


You could see a quasit.

Vanquished Creatures
  An adder (D:2)
  A worm (D:2)
  A giant gecko (D:2)
  A bat (D:1)
  A giant cockroach (D:2)
  4 goblins
  4 hobgoblins (D:1)
  2 quokkas (D:2)
  A ball python (D:2)
  6 kobolds
  7 rats
29 creatures vanquished.

Notes
Turn   | Place    | Note
--------------------------------------------------------------
     0 | D:1      | ProjectEKO, the Tengu Wizard, began the quest for the Orb.
     0 | D:1      | Reached XP level 1. HP: 10/10 MP: 4/4
   400 | D:1      | Reached XP level 2. HP: 15/15 MP: 0/7
  1519 | D:2      | Reached XP level 3. HP: 19/19 MP: 6/9
  1960 | D:2      | Learned a level 3 spell: Mephitic Cloud
  1964 | D:2      | Learned a level 3 spell: Conjure Flame
  2088 | D:2      | Noticed Terence
  2615 | D:2      | Gained mutation: Your digestive system is specialised to digest meat. [potion of beneficial mutation]
  2618 | D:2      | Paralysed by a potion of paralysis for 7 turns
  2620 | D:2      | Slain by a quasit

Action                   || total
-------------------------++-------
Melee: Unarmed           ||     1
       Dagger            ||     8
 Cast: Magic Dart        ||   103
       Mephitic Cloud    ||     3
       Conjure Flame     ||     1
  Use: Potion            ||     5
